 Dungeon Crawl Stone Soup version 0.29.1-2-gbd0b4ee654 (webtiles) character file.

Game seed: 7894586145114431701

571 Avanven the Magician (level 7, -1/52 HPs)
             Began as a Djinni Fire Elementalist on Nov 5, 2022.
             Slain by predelnik's ghost (6 damage)
             ... on level 4 of the Dungeon.
             The game lasted 00:10:03 (5534 turns).

Avanven the Magician (Djinni Fire Elementalist)     Turns: 5534, Time: 00:10:04

Health: -1/52      AC:  3    Str:  7    XL:     7   Next: 60%
Gold:   255        EV: 12    Int: 19    God:
                   SH:  0    Dex: 13

rFire   + + .      SeeInvis .   j - +7 staff of the Meek {protect, meekguard}
rCold   x . .      Faith    .   (shield currently unavailable)
rNeg    + . .      Spirit   .   a - +1 robe
rPois   ∞          Reflect  .   (no helmet)
rElec   .          Harm     .   (no cloak)
rCorr   .          Rampage  .   (no gloves)
Will    .....                   (boots unavailable)
Stlth   ++........              (no amulet)
HPRegen 0.17/turn               v - ring of positive energy
MPRegen 0.00/turn               (no ring)

@: flying
A: sickness immunity, fire resistance 2, cold vulnerability 1, float, innate
caster, HP casting, extra vitality 1
a: no special abilities


You were on level 4 of the Dungeon.
You visited 1 branch of the dungeon, and saw 4 of its levels.
You also visited: Sewer.

You collected 255 gold pieces.

Inventory:

Hand Weapons
 b - a +0 dagger of draining
 j - the +7 staff of the Meek (weapon) {protect, meekguard}
   (You found it on level 2 of the Dungeon)

   It grants its wielder temporary protection when it strikes (+7 to AC).
   It provides extra protection to wielders with little health.
Armour
 a - a +1 robe (worn)
 x - a +0 tower shield
Jewellery
 v - a ring of positive energy (left hand)
Scrolls
 c - 8 scrolls of identify
 d - 3 scrolls of teleportation
 g - a scroll of amnesia
 r - a scroll of magic mapping
 u - 2 scrolls of poison
Potions
 f - 3 potions of flight {unknown}
 h - 3 potions of ambrosia {unknown}
 i - a potion of invisibility {unknown}
 k - 2 potions of degeneration {unknown}
 l - 3 potions of mutation {unknown}
 n - a potion of might {unknown}
 o - a potion of attraction {unknown}
 p - 3 potions of haste {unknown}
 s - a potion of curing {unknown}
 z - a potion of heal wounds {unknown}
 A - a potion of resistance {unknown}
 B - a potion of brilliance {unknown}


   Skills:
 + Level 4.0 Fighting
 - Level 2.1 Dodging
 - Level 1.5 Stealth
 * Level 5.4 Spellcasting


You couldn't memorise any spells.
You knew the following spells:

 Your Spells              Type           Power      Damage    Failure   Level
a - Foxfire               Conj/Fire      100%       2x1d9     1%          1
b - Scorch                Fire           50%        2d8       1%          2
c - Conjure Flame         Conj/Fire      25%        6-21      3%          3
d - Inner Flame           Hex/Fire       25%        N/A       3%          3
e - Flame Wave            Conj/Fire      25%        2d8       13%         4
f - Sandblast             Erth           50%        2d12      1%          1
g - Blink                 Tloc           50%        N/A       1%          2
h - Wereblood             Tmut           25%        N/A       1%          2
Your spell library was empty.

Dungeon Overview and Level Annotations

Branches:
Dungeon (4/15)              Sewer (visited)
 Temple: D:4-7

Altars:
Ru
The Shining One

Shops:
D:1 (   D:3 [

Annotations:
D:4 predelnik's ghost, novice HOMo


Innate Abilities, Weirdness & Mutations

You are immune to sickness and miasma.
You are immune to poison.
Your flesh is very heat resistant. (rF++)
You are vulnerable to cold. (rC-)
You float through the air rather than walking.
You learn spells naturally, not from books.
Your magical power is your life essence.
You have superior vitality. (+4 MHP)


Message History

The foxfire hits predelnik's ghost but does no damage.
Predelnik's ghost is moderately damaged.
The foxfire hits predelnik's ghost.
Predelnik's ghost is moderately damaged.
The foxfire hits predelnik's ghost.
Predelnik's ghost is heavily damaged.
Casting: Foxfire (safe; 1% risk of failure)
Confirm with . or Enter, or press ? or * to list all spells.
You conjure some foxfire!
* * * LOW HITPOINT WARNING * * *
Casting: Foxfire (safe; 1% risk of failure)
Confirm with . or Enter, or press ? or * to list all spells.
You conjure some foxfire!
* * * LOW HITPOINT WARNING * * *
The foxfire hits predelnik's ghost but does no damage.
Predelnik's ghost is heavily damaged.
The foxfire hits predelnik's ghost!
Predelnik's ghost is heavily damaged.
Predelnik's ghost hits you.
* * * LOW HITPOINT WARNING * * *
Casting: Foxfire (safe; 1% risk of failure)
Confirm with . or Enter, or press ? or * to list all spells.
You conjure some foxfire!
* * * LOW HITPOINT WARNING * * *
The foxfire hits predelnik's ghost.
Predelnik's ghost is heavily damaged.
The foxfire hits predelnik's ghost.
Predelnik's ghost is severely damaged.
Predelnik's ghost hits you.
* * * LOW HITPOINT WARNING * * *
Casting: Foxfire (safe; 1% risk of failure)
Confirm with . or Enter, or press ? or * to list all spells.
You conjure some foxfire!
* * * LOW HITPOINT WARNING * * *
The foxfire hits predelnik's ghost but does no damage.
Predelnik's ghost is severely damaged.
The foxfire hits predelnik's ghost.
Predelnik's ghost is severely damaged.
Predelnik's ghost hits you.
You die...

#..####.###.#...........##..!..#
###...[..))..###'#<.......##...##
.###.....()....#.#.........##⌠##.
..####.......#..............###..
#..# ####(...####................
#..## ####.####...............#
#...# ###...#................###
#...# ##.....#.§.W...#####.##.#
....###......#.§@v...#####..#.#
#....##..###.#.§v§............###
#....#...###.#.............>.....
#....#...##..#...............####
.............#...............#
##############.......#########
#..........# #....^.....#
#..........#


You could see predelnik's ghost (ally target).

Vanquished Creatures
  An ogre (D:4)
  A phantom (D:4)
  2 bullfrogs (Sewer)
  A hound (D:4)
  12 adders
  2 river rats (Sewer)
  3 worms
  7 dart slugs
  3 orcs
  19 ball pythons
  A bat (D:1)
  3 bat skeletons (D:3)
  2 bat zombies (D:3)
  8 endoplasms
  2 giant cockroaches
  5 goblins
  5 hobgoblins
  A jackal (D:4)
  4 quokkas
  4 frilled lizards
  11 kobolds
  29 rats
126 creatures vanquished.

Vanquished Creatures (others)
  259 foxfires
259 creatures vanquished.

Grand Total: 385 creatures vanquished

Notes
Turn   | Place    | Note
-------+----------+-------------------------------------------
     0 | D:1      | Avanven the Djinni Fire Elementalist began the quest for
                  | the Orb.
     0 | D:1      | Avanven set off with the following spells memorised:
                  | Foxfire, Scorch, Conjure Flame, Inner Flame, Flame Wave.
     0 | D:1      | Reached XP level 1. HP: 15/15 MP: 0/0
   409 | D:1      | Reached XP level 2. HP: 19/22 MP: 0/0
   771 | D:1      | Found a faded altar of an unknown god.
   959 | D:1      | Reached skill level 3 in Spellcasting
  1002 | D:1      | Reached XP level 3. HP: 20/26 MP: 0/0
  1002 | D:1      | Learned a level 1 spell: Sandblast
  1191 | D:1      | Found Bycro's Weapon Boutique.
  1219 | D:1      | Reached skill level 1 in Fighting
  1597 | D:2      | Found the +7 staff of the Meek {protect, meekguard}
  1973 | D:2      | Reached XP level 4. HP: 32/32 MP: 0/0
  2062 | D:2      | Found a sacrificial altar of Ru.
  2798 | D:3      | Found Impaxzuc's Antique Armour Shop.
  3779 | D:4      | Found a runed translucent door.
  3783 | D:4      | Noticed predelnik's ghost (novice HOMo)
  3799 | D:4      | Reached XP level 5. HP: 35/38 MP: 0/0
  3799 | D:4      | Learned a level 2 spell: Blink
  4126 | D:4      | Noticed a phantom
  4131 | D:4      | Killed a phantom
  4132 | D:4      | Reached skill level 4 in Spellcasting
  4132 | D:4      | Reached XP level 6. HP: 39/45 MP: 0/0
  4271 | D:4      | Noticed an ogre
  4278 | D:4      | Killed an ogre
  4368 | D:4      | Found a glowing golden altar of the Shining One.
  4451 | D:4      | Found a glowing drain.
  4465 | Sewer    | Entered a sewer
  4761 | Sewer    | Reached XP level 7. HP: 45/50 MP: 0/0
  4761 | Sewer    | Learned a level 2 spell: Wereblood
  4854 | Sewer    | Reached skill level 5 in Spellcasting
  5534 | D:4      | Slain by predelnik's ghost

Illustrated notes

Levels and vault maps discovered:
D:1:      onia_arrival_mini_spirals, layout_loops_ring, serial_shops,
          nicolae_shop_behind_doors, hellmonk_ecumenical_altar_blasted
D:2:      layout_basic, basic_altar
D:3:      layout_basic, kennysheep_vampire_church, serial_shops,
          nicolae_diamond_shop, hangedman_decor_slide_cut
D:4:      minmay_recursive_quarters, layout_basic, kennysheep_mini,
          hellmonk_ghost_happy_afterlife, cheibrodos_sewer_entry_bend

Skill      XL: |  1  2  3  4  5  6  7 |
---------------+----------------------+-----
Spellcasting   | 3 4 5 |  5.4
Fighting       | 1 2 3 4 |  4.0
Dodging        | |  2.1
Stealth        | |  1.5

Action                   |  1- 3 |  4- 6 |  7- 9 || total
-------------------------+-------+-------+-------++-------
Melee: Unarmed           |    11 |       |       ||    11
       Dagger            |     8 |       |       ||     8
       Quarterstaff      |    10 |    14 |       ||    24
 Cast: Foxfire           |    33 |    87 |    36 ||   156
       Scorch            |    10 |    30 |     9 ||    49
  Use: Scroll            |       |       |    12 ||    12
 Stab: Sleeping          |       |     1 |       ||     1
Armor: Robe              |    11 |    13 |     3 ||    27
Dodge: Dodged            |    21 |    42 |    18 ||    81
